 Dungeon Crawl Stone Soup version 0.31-a0-229-g1fc7ce93e2 (webtiles) character file.

Game seed: 16990406990062599523

35 Nietzsche the Sneak (level 3, -1/25 HPs)
             Began as a Vampire Enchanter on July 6, 2023.
             Slain by an adder (3 damage)
             ... on level 3 of the Dungeon.
             The game lasted 00:03:02 (869 turns).

Nietzsche the Sneak (Vampire Enchanter)              Turns: 869, Time: 00:03:03

Health: -1/25      AC:  2    Str:  9    XL:     3   Next: 16%
Magic:  6/6        EV: 12    Int: 17    God:
Gold:   104        SH:  0    Dex: 14    Spells: 6/6 levels left

rFire   . . .        i - +0 rapier
rCold   . . .        (no shield)
rNeg    . . .        b - +0 robe
rPois   .            (no helmet)
rElec   .            (no cloak)
rCorr   .            (no gloves)
SInv    +            (no boots)
Will    .....        (no amulet)
Stlth   +++          (no ring)
HPRegen 0.44/turn    (no ring)
MPRegen 0.10/turn

%: no passive effects
@: healing quickly, invisible
A: alive, fangs 3, see invisible, vampiric 2
a: Exsanguinate


You were on level 3 of the Dungeon.
You visited 1 branch of the dungeon, and saw 4 of its levels.

You collected 104 gold pieces.

Inventory:

Hand Weapons
 a - a +1 dagger
 e - a +2 antimagic flail
 i - a +0 rapier (weapon)
Armour
 b - a +0 robe (worn)
Jewellery
 j - a ring of ice
Scrolls
 g - 3 scrolls of teleportation {unknown}
 h - 2 scrolls of identify {unknown}
Potions
 c - a potion of invisibility
 d - a potion of cancellation {unknown}
 f - a potion of curing {unknown}


   Skills:
 * Level 0.6 Fighting
 + Level 1.5 Short Blades
 + Level 2.4 Dodging
 + Level 5.2 Stealth
 + Level 2.0 Spellcasting
 + Level 4.9 Hexes


You had 6 spell levels left.
You didn't know any spells.
Your spell library contained the following spells:

 Spells                   Type           Power      Damage    Failure   Level
 Confusing Touch          Hex            18%        N/A       8%          3
 Tukima's Dance           Hex            18%        N/A       8%          3
 Ensorcelled Hibernation  Hex/Ice        20%        N/A       11%         2
 Dazzling Flash           Conj/Hex       20%        N/A       21%         3
 Cause Fear               Hex            9%         N/A       26%         4
 Dragon Form              Tmut           0%         N/A       100%        7
 Dragon's Call            Summ           0%         N/A       100%        9


Dungeon Overview and Level Annotations

Branches:
Dungeon (4/15)
 Temple: D:4-7

Altars:

Shops:
D:2 =


Innate Abilities, Weirdness & Mutations

Your natural rate of healing is accelerated.
You have razor-sharp teeth.
You have supernaturally acute eyesight. (SInv)
You are afflicted with vampirism and can become a bat while bloodless.


Message History

The adder closely misses you. The adder bites you.
You are poisoned.
The adder poisons you!
You barely miss the adder. Your bite misses the adder.
The adder is heavily wounded.
You feel sick. The adder closely misses you.
You barely miss the adder.
The adder is heavily wounded.
You feel sick. The adder misses you. The goblin hits you with a +0 club.
A frilled lizard comes into view.
The adder bites you but does no damage.
You hit the adder. Your bite misses the adder.
The adder is heavily wounded.
You feel sick. The adder misses you. The adder bites you.
The goblin misses you. The adder bites you.
You hit the adder.
The adder is severely wounded.
You feel sick. The adder bites you. The adder bites you but does no damage.
The goblin hits you with a +0 club.
* * * LOW HITPOINT WARNING * * *
The adder bites you but does no damage. The adder closely misses you.
You hit the adder.
You kill the adder!
You feel sick. The goblin misses you. The adder bites you.
* * * LOW HITPOINT WARNING * * *
The goblin barely misses you.
You have reached level 3!
Your experience leads to an increase in your attributes!
Increase (S)trength, (I)ntelligence, or (D)exterity?
You feel stronger. x2
You can now turn into a vampire bat when bloodless.
You fade into invisibility!
You feel sick.
You are no longer poisoned.
The adder misses you. The goblin hits you with a +0 club.
* * * LOW HITPOINT WARNING * * *
The adder closely misses you.
You see here an adder corpse.
The adder bites you.
You die...

### ..# #.# #.# # ##)## ..
#####...#.### .#
#.....@.....# ...
#.##.S....#.#
#..###.##g###..#.## ##
##.......l.# #..... ..####
....>....#.###..#.# #.#...
#.......#......#.####.#.###
#..####.###.##............
#. #................^#
#####.###.........#


You could see an adder (unable to see you), a goblin (unable to see you) and a
frilled lizard (wandering, unable to see you).

Vanquished Creatures
  An adder (D:3)
  2 worms (D:2)
  An endoplasm (D:4)
  4 goblins
  2 hobgoblins
  5 ball pythons
  A frilled lizard (D:1)
  A kobold (D:2)
  3 rats
20 creatures vanquished.

Notes
Turn   | Place    | Note
-------+----------+-------------------------------------------
     0 | D:1      | Nietzsche the Vampire Enchanter began the quest for the
                  | Orb.
     0 | D:1      | Reached XP level 1. HP: 13/13 MP: 3/3
   324 | D:1      | Reached XP level 2. HP: 13/19 MP: 5/5
   689 | D:2      | Reached skill level 5 in Stealth
   729 | D:2      | Found Osautapue's Jewellery Boutique.
   786 | D:2      | You fall into a shaft and drop 2 floors!
   865 | D:3      | Gained mutation: You are afflicted with vampirism and can
                  | become a bat while bloodless. [Vampire growth]
   865 | D:3      | Reached XP level 3. HP: 5/25 MP: 6/6
   865 | D:3      | HP: 1/25 [goblin/+0 club (4)]
   869 | D:3      | Slain by an adder

Illustrated notes

Levels and vault maps discovered:
D:1:      evilmike_arrival_fibonacci_small, layout_rooms
D:2:      layout_basic, serial_shops, nicolae_diamond_shop, uniq_terence,
          uniq_sigmund
D:3:      layout_loops_ring, chequers_serial_rivers_large_b
D:4:      layout_basic, temple_statues, uniq_duvessa

Skill      XL: |  1  2 |
---------------+-------+-----
Stealth        | 5 |  5.2
Fighting       | |  0.6
Short Blades   | |  1.5
Dodging        | |  2.4
Spellcasting   | |  2.0
Hexes          | |  4.9

Action                     || total
---------------------------++-------
  Melee: Dagger            ||    25
         Bite              ||     5
         Punch             ||     1
         Rapier            ||    32
    Use: Potion            ||     1
   Stab: Sleeping          ||     5
 Armour: Robe              ||     6
  Dodge: Dodged            ||    33

Table legend: (Time is in decaauts)
 A = Elapsed time spent in this place.
 B = Non-inter-level travel time spent in this place.
 C = Inter-level travel time spent in this place.
 D = Time resting spent in this place.
 E = Time spent auto-exploring this place.
 F = Levels seen in this place.
 G = Mean time per level.
                   A        B        C        D        E       F      G
               +--------+--------+--------+--------+--------+-----+--------+
         Total |    869 |    855 |     14 |      0 |    607 |   4 |  217.2 |
       Dungeon |    869 |    855 |     14 |      0 |    607 |   4 |  217.2 |
               +--------+--------+--------+--------+--------+-----+--------+

Top non-repeatable levels by time:
     D:1: 562 daAuts
     D:2: 223 daAuts
     D:3: 43 daAuts
     D:4: 40 daAuts
